AoeStats
← qetuadgjzcbm123

Arena

509889542Analyzed
1v1 RM · 3d ago on Sep 28, 2026· 28m 42s· 2 players
Game mode
Random Map
Map size
Tiny (2 player)
Population
200
Speed
Normal
Resources
Standard
Victory
Conquest
Starting age
Dark Age
Ending age
Imperial Age
RankedLock teamsTeams togetherTeam positionsShared explorationLock speedFull tech treeHidden civsTurbo modeCheats
Victory
Defeat
🇨🇳 Turks · China
1042
+16
🇹🇼 Varangians · Taiwan
1043
-16
Nicoboco
11:12 Feudal Age
15:19 Castle Age
13:32 Double-Bit Axe
18:45 Bow Saw
24:51 Horse Collar
qetuadgjzcbm123
7:13 Loom
10:25 Feudal Age
11:09 Double-Bit Axe
13:32 Horse Collar
17:35 Castle Age
16:07 Scale Mail Armor
16:47 Gold Mining
18:41 Bow Saw
19:52 Fletching
23:40 Heavy Plow
24:46 Bloodlines
24:47 Husbandry
24:54 Gold Mining
28:21 Scale Barding Armor
Connection lost

Rejoining the realm…

Still unreachable

The connection could not be restored.

Session expired

The server has moved on; the page needs a fresh start.